 Dungeon Crawl Stone Soup version 0.28.0 (webtiles) character file.

Game seed: 15163526438247329110

42 arthad the Covered (level 3, 0/23 HPs)
             Began as a Gargoyle Fighter on Feb 13, 2022.
             Slain by Natasha (5 damage)
             ... on level 2 of the Dungeon.
             The game lasted 00:01:57 (1500 turns).

arthad the Covered (Gargoyle Fighter)               Turns: 1500, Time: 00:01:57

Health: 0/23       AC: 10    Str: 21    XL:     3   Next: 54%
Magic:  3/3        EV:  9    Int:  8    God:
Gold:   41         SH:  4    Dex:  9    Spells: 2/2 levels left

rFire   . . .      SeeInvis .   a - +0 war axe
rCold   . . .      Faith    .   c - +0 buckler
rNeg    + . .      Spirit   .   b - +0 scale mail
rPois   ∞          Reflect  .   (no helmet)
rElec   +          Harm     .   (no cloak)
rCorr   .          Rampage  .   (no gloves)
Will    .....                   (no boots)
Stlth   ..........              (no amulet)
HPRegen 0.07/turn               (no ring)
MPRegen 0.08/turn               (no ring)

@: no status effects
A: sickness immunity, AC +3, negative energy resistance 1, electricity
resistance, torment resistance 1, petrification resistance
a: no special abilities


You were on level 2 of the Dungeon.
You visited 1 branch of the dungeon, and saw 2 of its levels.

You collected 41 gold pieces.

Inventory:

Hand Weapons
 a - a +0 war axe (weapon)
Armour
 b - a +0 scale mail (worn)
 c - a +0 buckler (worn)
Potions
 d - a potion of might
 e - a potion of heal wounds
 f - a potion of cancellation {unknown}


   Skills:
 + Level 3.4 Fighting
 * Level 2.7 Axes
 + Level 3.7 Armour
 + Level 3.5 Shields


You had 2 spell levels left.
You didn't know any spells.
Your spell library was empty.

Dungeon Overview and Level Annotations

Branches:
Dungeon (2/15)

Altars:

Annotations:
D:2 Natasha


Innate Abilities, Weirdness & Mutations

You are immune to sickness and miasma.
Your stone body is resilient. (AC +3)
You are immune to poison.
You resist negative energy. (rN+)
You are resistant to electric shocks. (rElec)
You are resistant to unholy torment.
You are immune to petrification.


Message History

You block the white imp's attack.
You closely miss the shadow imp.
The shadow imp is almost dead.
You completely miss the white imp. You barely miss Natasha.
You barely miss the iron imp.
The shadow imp disappears in a puff of smoke!
An adder comes into view.
The iron imp hits you. Natasha closely misses you.
You block the white imp's attack.
Unknown command.
You barely miss the iron imp.
The iron imp is moderately wounded.
The adder hisses angrily.
You hit Natasha. You barely miss the white imp. Natasha claws you.
The iron imp closely misses you. The white imp completely misses you.
Natasha casts a spell at you. You resist with significant effort.
You closely miss Natasha.
Natasha is heavily wounded.
You hit the white imp but do no damage. You completely miss the iron imp.
You block the white imp's attack.
The iron imp hits you but does no damage.
Natasha barely misses you. The white imp gestures at you.
The puff of frost hits you!
* * * LOW HITPOINT WARNING * * *
The iron imp hits you but does no damage.
You are too injured to fight recklessly!
Unknown command.
You are too injured to fight recklessly!
Unknown command.
You are too injured to fight recklessly!
Unknown command.
You are too injured to fight recklessly!
You are too injured to fight recklessly!
You are too injured to fight recklessly!
You slash Natasha!
Natasha is almost dead.
You hit the iron imp. You hit the white imp. Natasha claws you.
You die...

.... ......
......
##########......
#.............?.
................
...............#
......h5<......#
.....S5@....(!.#
...............#
....!..........#
.....$.........#
...............#
.#####.........#
#.........#
#####.##### .#


You could see an iron imp (summoned), Natasha, an adder and a white imp
(summoned).

Vanquished Creatures
  3 ball pythons (D:1)
  4 bats
  6 endoplasms
  A giant cockroach (D:1)
  7 goblins (D:1)
  A hobgoblin (D:1)
  3 jackals (D:1)
  2 quokkas (D:1)
  5 kobolds
  4 rats (D:1)
36 creatures vanquished.

Notes
Turn   | Place    | Note
-------+----------+-------------------------------------------
     0 | D:1      | arthad the Gargoyle Fighter began the quest for the Orb.
     0 | D:1      | Reached XP level 1. HP: 14/14 MP: 1/1
   318 | D:1      | Reached XP level 2. HP: 19/19 MP: 2/2
   882 | D:1      | Reached XP level 3. HP: 23/23 MP: 3/3
   978 | D:1      | Found a faded altar of an unknown god.
  1484 | D:2      | Noticed Natasha
  1500 | D:2      | Slain by Natasha

Illustrated notes

Levels and vault maps discovered:
D:1:      wander_arrival_estate, layout_loops_ring,
          shapermc_ecumenical_altar_notcrosses, minmay_misc_feat_roman
D:2:      layout_rooms, uniq_natasha

Skill      XL: |  1  2 |
---------------+-------+-----
Axes           | 2 |  2.7
Fighting       | |  3.4
Armour         | |  3.7
Shields        | |  3.5

Action                   || total
-------------------------++-------
Melee: War axe           ||   101
  Use: Potion            ||     1
Armor: Scale mail        ||    64
Dodge: Dodged            ||    54
Block: Buckler           ||    23
